 Dungeon Crawl Stone Soup version 0.20-a0-9-g62d82d9 (webtiles) character file.

132 JeffiDaFish the Shield-Bearer (level 5, 0/33 HPs)
             Began as a Gargoyle Fighter on Nov 1, 2016.
             Killed by nerve-wracking pain
             ... invoked by an orc priest
              (6 damage)
             ... on level 3 of the Dungeon.
             The game lasted 00:03:48 (1904 turns).

JeffiDaFish the Shield-Bearer (Gargoyle Fighter)    Turns: 1904, Time: 00:03:49

Health: 0/33       AC: 11    Str: 26      XL:     5   Next: 15%
Magic:  5/5        EV:  7    Int:  5 (8)  God:
Gold:   129        SH:  9    Dex:  7 (9)  Spells: 0 memorised, 4 levels left

rFire  . . .     SeeInvis .     a - +1 rapier
rCold  . . .     Gourm    .     b - +0 scale mail
rNeg   + . .     Faith    .     c - +0 shield
rPois  ∞         Spirit   .     (no helmet)
rElec  +         Reflect  .     (no cloak)
rCorr  .         Harm     .     (no gloves)
MR     .....     Rnd*Tele +     (no boots)
Stlth  ..........               (no amulet)
                                (no ring)
                                e - ring of teleportation (curse)

@: mighty
A: negative energy resistance 1, electricity resistance, unbreathing,
petrification resistance, rot immunity, AC +4
a: no special abilities


You were on level 3 of the Dungeon.
You were hungry.

You visited 1 branch of the dungeon, and saw 3 of its levels.

You collected 129 gold pieces.

Inventory:

Hand Weapons
 a - a +1 rapier (weapon)
Armour
 b - a +0 scale mail (worn)
 c - a +0 shield (worn)
Jewellery
 e - a cursed ring of teleportation (left hand)
Scrolls
 i - 2 scrolls of recharging
 j - 2 scrolls of teleportation
 l - a scroll of amnesia
Potions
 h - a potion of magic
Comestibles
 f - 2 bread rations
 g - 2 chunks of flesh
 k - a slice of pizza


   Skills:
 + Level 3.8 Fighting
 + Level 3.1 Short Blades
 + Level 4.0 Armour
 + Level 0.2 Dodging
 + Level 4.2 Shields


You had 4 spell levels left.
You didn't know any spells.

Dungeon Overview and Level Annotations

Branches:
Dungeon (3/15)

Altars:


Innate Abilities, Weirdness & Mutations

You are resistant to torment.
Your stone body is resilient. (AC +4)
You are immune to poison.
You resist negative energy. (rN+)
You are resistant to electric shocks. (rElec)
You can survive without breathing.
You are immune to petrification.
You are immune to rotting.


Message History

You miss the kobold. The kobold hits you with a whip.
* * * LOW HITPOINT WARNING * * *
You puncture the kobold!
You kill the kobold!
The orc priest calls upon Beogh to heal the orc.
The orc is healed somewhat.
You hit the kobold.
You kill the kobold!
You puncture the orc!
You kill the orc!
You feel your strength returning. The orc priest hits you with a flail.
* * * LOW HITPOINT WARNING * * *
You puncture the orc priest!
The orc priest is almost dead.
You barely miss the orc priest.
The orc priest is almost dead.
The orc priest calls down the wrath of Beogh upon you.
Pain shoots through your body!
You die...

...... ...#'#######... .....g
#............... ......####
#............... .........#
............... ......)..#
............... ......K(o#
#............ .........#
#........)...
##.......########............
.........(Ko@(...............
##...#####.######.....§>)...)
#... #.# #........)... #..
#.# #.####.###### #.. ####.#
#.# #.# #....# #.# #.#
#....######.# #.##
#...........# #..#
#....######## ##.#####


You could see an orc priest and a kobold.

Vanquished Creatures
  5 adders (D:2)
  3 worms
  2 dart slugs
  3 leopard geckos
  3 orcs (D:3)
  A ball python (D:1)
  7 bats
  5 giant cockroaches
  5 goblins
  8 hobgoblins
  3 jackals (D:3)
  10 kobolds
  2 quokkas
  5 frilled lizards
  5 rats
67 creatures vanquished.

Notes
Turn   | Place    | Note
-------+----------+-------------------------------------------
     0 | D:1      | JeffiDaFish the Gargoyle Fighter began the quest for the Orb.
     0 | D:1      | Reached XP level 1. HP: 14/14 MP: 1/1
   191 | D:1      | Reached XP level 2. HP: 17/19 MP: 2/2
   578 | D:1      | Reached XP level 3. HP: 23/23 MP: 3/3
  1031 | D:2      | Reached XP level 4. HP: 26/28 MP: 4/4
  1795 | D:3      | Reached XP level 5. HP: 33/33 MP: 5/5
  1904 | D:3      | Killed from afar by an orc priest

Vault maps used:
D:1:      minmay_arrival_four_loops
D:3:      nicolae_ru_great_annihilating_truth

Skill      XL: |  1  2  3  4 |
---------------+-------------+-----
Short Blades   | 2 3 |  3.1
Shields        | 4 |  4.2
Armour         | 4 |  4.0
Fighting       | |  3.8
Dodging        | |  0.2

Action                   |  1- 3 |  4- 6 || total
-------------------------+-------+-------++-------
Melee: Rapier            |   127 |   121 ||   248
  Use: Scroll            |     4 |     5 ||     9
       Potion            |     2 |     6 ||     8
  Eat: Chunk             |     1 |     2 ||     3
Armor: Scale mail        |    47 |    53 ||   100
Dodge: Dodged            |    28 |    38 ||    66
Block: Shield            |    62 |    67 ||   129
